 Dungeon Crawl Stone Soup version 0.30.1-3-gfc49f6343a (webtiles) character file.

Game seed: 11772046986203990793

0 CaptainMV the Conjurer (level 1, 0/15 HPs)
             Began as a Demonspawn Wanderer on July 20, 2023.
             Slain by a ball python (1 damage)
             ... on level 1 of the Dungeon.
             The game lasted 00:01:31 (50 turns).

CaptainMV the Conjurer (Demonspawn Wanderer)          Turns: 50, Time: 00:01:31

Health: 0/15       AC:  3    Str: 11    XL:     1   Next: 8%
Magic:  2/2        EV:  8    Int: 15    God:
Gold:   14         SH:  0    Dex: 11    Spells: 2/2 levels left

rFire   . . .        a - +0 spear
rCold   . . .        (no shield)
rNeg    . . .        d - +0 robe
rPois   .            b - +0 helmet
rElec   .            (no cloak)
rCorr   .            (no gloves)
SInv    .            (no boots)
Will    .....        (no amulet)
Stlth   +            (no ring)
HPRegen 0.22/turn    (no ring)
MPRegen 0.08/turn

%: no passive effects
@: constricted
A: no striking features
a: no special abilities


You were on level 1 of the Dungeon.
You visited 1 branch of the dungeon, and saw 1 of its levels.

You collected 14 gold pieces.

Inventory:

Hand Weapons
 a - a +0 spear (weapon)
 g - a +0 club
Missiles
 i - 4 boomerangs (quivered)
Armour
 b - a +0 helmet (worn)
 d - a +0 robe (worn)
Scrolls
 c - a scroll of fear
 e - a scroll of vulnerability
 h - a scroll of enchant armour {unknown}
Potions
 f - a potion of attraction {unknown}


   Skills:
 + Level 1.0 Fighting
 + Level 1.0 Dodging
 + Level 1.7 Unarmed Combat
 + Level 1.0 Spellcasting
 + Level 5.0 Conjurations


You had 2 spell levels left.
You didn't know any spells.
Your spell library contained the following spells:

 Spells                   Type           Power      Damage    Failure   Level
 Kiss of Death            Conj/Necr      32%        2d7       9%          1
 Shock                    Conj/Air       32%        1d5       9%          1
 Flame Wave               Conj/Fire      8%         2d5       65%         4


Dungeon Overview and Level Annotations

Branches:
Dungeon (1/15)

Altars:


Message History

You barely miss the frilled lizard. The frilled lizard barely misses you.
The ball python bites you. The ball python grabs you.
The ball python constricts you.
The giant cockroach bites you but does no damage.
You barely miss the ball python. The ball python closely misses you.
The frilled lizard bites you.
The ball python bites you but does no damage.
The ball python constricts you. The giant cockroach bites you.
The ball python bites you.
You completely miss the ball python. The ball python barely misses you.
The ball python constricts you.
The giant cockroach bites you but does no damage.
The frilled lizard bites you. The ball python closely misses you.
The ball python bites you. The ball python constricts you.
The giant cockroach bites you but does no damage.
You hit the ball python.
You kill the ball python!
The frilled lizard bites you. The ball python bites you.
* * * LOW HITPOINT WARNING * * *
The ball python closely misses you. The giant cockroach bites you.
* * * LOW HITPOINT WARNING * * *
The frilled lizard closely misses you.
You hit the ball python.
The ball python is severely wounded.
The ball python closely misses you. The ball python barely misses you.
The giant cockroach barely misses you. The frilled lizard barely misses you.
You barely miss the ball python.
The ball python is severely wounded.
The ball python bites you but does no damage.
The ball python grabs you. The ball python constricts you.
* * * LOW HITPOINT WARNING * * *
The giant cockroach barely misses you.
The ball python bites you but does no damage.
The ball python constricts you.
* * * LOW HITPOINT WARNING * * *
The frilled lizard bites you but does no damage.
You barely miss the ball python.
The ball python is severely wounded.
The giant cockroach barely misses you. The ball python bites you.
You die...

# ........#
.........# #
.#.......# .
........# #.
#.......#
.#.###.......#
##.....#.S.....#
#####.. #..l@...?.#
....... ##.B.######
...##.####....#..
#..#......##.....#
#...>............
#..........#......
#......#...#...#..
#....#...#..#..#...
#.....#..#..#..#..#.


You could see a giant cockroach, a ball python and a frilled lizard.

Vanquished Creatures
  A ball python (D:1)
1 creature vanquished.

Notes
Turn   | Place    | Note
-------+----------+-------------------------------------------
     0 | D:1      | CaptainMV the Demonspawn Wanderer began the quest for the
                  | Orb.
     0 | D:1      | CaptainMV set off with the following items: a +0 club, a +0
                  | helmet, a scroll of fear, a +0 robe, a scroll of
                  | vulnerability; and the following spells available to
                  | memorise: Kiss of Death, Shock, Flame Wave.
     0 | D:1      | Reached XP level 1. HP: 15/15 MP: 2/2
    50 | D:1      | Slain by a ball python

Illustrated notes

Levels and vault maps discovered:
D:1:      minmay_arrival_radiant_lines, layout_rooms, serial_glass,
          glass_columns_c, glass_columns_c, feat_on_display, due_unseen_surprise

Action                     || total
---------------------------++-------
  Melee: Spear             ||     8
 Armour: Robe              ||     8
  Dodge: Dodged            ||    13
